 Dungeon Crawl Stone Soup version 0.30-a0-737-gf23d94013f (webtiles) character file.

Game seed: 6505393233155762771

191 M4edhros the Insei (level 5, -2/33 HPs)
             Began as an Octopode Artificer on Feb 2, 2023.
             Slain by Edmund
             ... wielding a +3 flail of protection
              (9 damage)
             ... on level 4 of the Dungeon.
             The game lasted 00:02:28 (1021 turns).

M4edhros the Insei (Octopode Artificer)             Turns: 1021, Time: 00:02:29

Health: -2/33      AC:  1    Str: 12    XL:     5   Next: 70%
Magic:  5/5        EV: 13    Int: 13    God:
Gold:   111        SH:  0    Dex: 14    Spells: 4/4 levels left

rFire   + . .      SeeInvis .    j - +6 dagger
rCold   + . .      Faith    .    (no shield)
rNeg    . . .      Spirit   .    (helmet restricted)
rPois   +          Reflect  .    (no amulet)
rElec   +          Harm     .    (no ring)
rCorr   +          Rampage  .    (no ring)
Will    .....                    (no ring)
Stlth   +++                      (no ring)
HPRegen 0.25/turn                (no ring)
MPRegen 0.09/turn                (no ring)
                                 (no ring)
                                 (no ring)

@: resistant
A: almost no armour, amphibious, 8 rings, camouflage 1, gelatinous body 1,
(nimble swimmer 1), tentacles
a: no special abilities


You were on level 4 of the Dungeon.
You visited 1 branch of the dungeon, and saw 4 of its levels.

You collected 111 gold pieces.

Inventory:

Hand Weapons
 j - a +6 dagger (weapon)
Missiles
 a - 3 javelins
Wands
 b - a wand of flame (9) (quivered)
 c - a wand of charming (11)
 d - a wand of iceblast (4)
Scrolls
 f - a scroll of fog {unknown}
 g - a scroll of amnesia {unknown}
 h - a scroll of butterflies {unknown}
Potions
 e - a potion of lignification {unknown}


   Skills:
 - Level 1.0 Fighting
 + Level 0.0 Short Blades
 - Level 2.3 Dodging
 - Level 1.3 Stealth
 - Level 5.2 Unarmed Combat
 - Level 3.2 Evocations


You had 4 spell levels left.
You didn't know any spells.
Your spell library contained the following spells:

 Spells                   Type           Power      Damage    Failure   Level
 Kiss of Death            Conj/Necr      0%         2d5       30%         1
 Confusing Touch          Hex            0%         N/A       67%         3
 Dispel Undead            Necr           0%         3d6       97%         4


Dungeon Overview and Level Annotations

Branches:
Dungeon (4/15)
 Temple: D:4-7

Altars:
Ashenzari
Dithmenos
Hepliaklqana
Sif Muna

Annotations:
D:4 Edmund


Innate Abilities, Weirdness & Mutations

You cannot wear most types of armour.
You are amphibious.
You can wear up to eight rings at the same time.
Your skin changes colour to match your surroundings (Stealth+).
Your rubbery body absorbs attacks. (AC +1, EV +1)
((You are camouflaged when in or above water. (Stealth+)))
You have tentacles for arms and can constrict up to eight enemies at once.


Message History

You barely miss Edmund.
Edmund is moderately wounded.
You constrict Edmund.
Edmund hits you with a +3 flail of protection!
You hit Edmund.
Edmund is heavily wounded.
You constrict Edmund.
Edmund hits you with a +3 flail of protection!
It was a potion of curing.
You feel better.
You constrict Edmund, but do no damage. Edmund barely misses you.
The endoplasm jiggles.
You feel better.
You constrict Edmund, but do no damage.
Edmund hits you with a +3 flail of protection!
You hit Edmund but do no damage.
Edmund is heavily wounded.
You constrict Edmund. Edmund completely misses you.
You hit Edmund.
Edmund is heavily wounded.
You constrict Edmund, but do no damage.
Edmund hits you with a +3 flail of protection.
You hit Edmund but do no damage.
You tentacle-slap Edmund, but do no damage.
Edmund is heavily wounded.
You constrict Edmund, but do no damage.
Edmund hits you with a +3 flail of protection!
* * * LOW HITPOINT WARNING * * *
The endoplasm hits you but does no damage.
You feel better.
You constrict Edmund.
Edmund hits you with a +3 flail of protection.
* * * LOW HITPOINT WARNING * * *
The endoplasm hits you.
* * * LOW HITPOINT WARNING * * *
Aiming: Throw Flame
Press: ? - help, Shift-Dir - straight line, f - endoplasm
Aim: an endoplasm (98% to hit)
The puff of flame hits Edmund!
Edmund is severely wounded.
You constrict Edmund.
Edmund hits you with a +3 flail of protection!
You die... #.....# #† ....... .......##. ##......♣ ........#. #.^....♣~ .......... #......~ ......##.. #......P #........ #.)...# # ~♣##..... #..J@## #PP

#..|.. ##########@.#
#~P~##..... #.........#.#
#~~P....... #.........#.#
.~♣.#.....
#.........#.#######.##.....
#.........[................
#.....<...#..#.......#)....
#....~♣....[...##..........
#.##~P~.........#........##
#.##P....##........).##.#..


You could see Edmund and an endoplasm.

Vanquished Creatures
  A necrophage (D:4)
  An iguana (D:4)
  Jessica (D:3)
  Natasha (D:2)
  3 gnolls (D:4)
  A worm (D:3)
  An orc (D:4)
  An endoplasm (D:3)
  A giant cockroach (D:2)
  4 hobgoblins
  A kobold (D:4)
  3 bats
  2 goblins
  2 rats
23 creatures vanquished.

Vanquished Creatures (others)
  A gnoll (D:4)
1 creature vanquished.

Grand Total: 24 creatures vanquished

Notes
Turn   | Place    | Note
-------+----------+-------------------------------------------
     0 | D:1      | M4edhros the Octopode Artificer began the quest for the
                  | Orb.
     0 | D:1      | Reached XP level 1. HP: 13/13 MP: 1/1
   113 | D:2      | Reached skill level 1 in Unarmed Combat
   122 | D:2      | Noticed Natasha
   125 | D:2      | Reached XP level 2. HP: 3/18 MP: 2/2
   191 | D:2      | Killed Natasha
   192 | D:2      | Reached skill level 2 in Unarmed Combat
   192 | D:2      | Reached XP level 3. HP: 11/23 MP: 3/3
   231 | D:3      | Found a faded altar of an unknown god.
   236 | D:3      | Found a hazy altar of Hepliaklqana.
   307 | D:3      | Found a broken altar of Ashenzari.
   342 | D:3      | Reached skill level 3 in Unarmed Combat
   403 | D:3      | Found a shadowy altar of Dithmenos.
   409 | D:3      | Found a shimmering blue altar of Sif Muna.
   457 | D:3      | Noticed Jessica
   461 | D:3      | HP: 1/23 [Jessica/nerve-wracking pain (11)]
   462 | D:3      | Killed Jessica
   463 | D:3      | Reached XP level 4. HP: 1/28 MP: 4/4
   592 | D:4      | Reached skill level 4 in Unarmed Combat
   668 | D:4      | Noticed a necrophage
   676 | D:4      | Killed a necrophage
   677 | D:4      | Reached XP level 5. HP: 30/33 MP: 5/5
   751 | D:4      | Reached skill level 5 in Unarmed Combat
  1006 | D:4      | Noticed Edmund
  1021 | D:4      | Slain by Edmund

Illustrated notes

Levels and vault maps discovered:
D:1:      co_arrival_random_square_maze, layout_basic, serial_park_tiny_pond,
          serial_bayou_pond_d
D:2:      layout_rooms, basic_altar, uniq_natasha, uniq_sigmund
D:3:      layout_rooms, nicolae_ashenzari_panopticon,
          grunt_dithmenos_smoke_and_mirrors, nicolae_overflow_hidden_temple,
          nicolae_overflow_ecumenical_swirl, uniq_jessica
D:4:      layout_rooms, serial_bayou, serial_bayou_pond_e, serial_bayou_pond_d,
          serial_bayou_pond_e, serial_bayou_shore_b, uniq_edmund

Skill      XL: |  1  2  3  4  5 |
---------------+----------------+-----
Unarmed Combat | 1 2 3 4 5 |  5.2
Fighting       | |  1.0
Dodging        | |  2.3
Stealth        | |  1.3
Evocations     | |  3.2

Action                     |  1- 3 |  4- 6 || total
---------------------------+-------+-------++-------
  Melee: Unarmed           |    34 |    19 ||    53
         Constrict         |    10 |     7 ||    17
         Tentacles         |    10 |     8 ||    18
         Punch             |     1 |     4 ||     5
         Dagger            |       |     9 ||     9
  Evoke: Wand              |     2 |     9 ||    11
    Use: Potion            |       |     4 ||     4
   Stab: Sleeping          |     2 |       ||     2
 Armour: Skin              |     5 |     1 ||     6
  Dodge: Dodged            |    22 |    19 ||    41

Table legend: (Time is in decaauts)
 A = Elapsed time spent in this place.
 B = Non-inter-level travel time spent in this place.
 C = Inter-level travel time spent in this place.
 D = Time resting spent in this place.
 E = Time spent auto-exploring this place.
 F = Levels seen in this place.
 G = Mean time per level.
                   A        B        C        D        E       F      G
               +--------+--------+--------+--------+--------+-----+--------+
         Total |   1017 |   1017 |      0 |    254 |    408 |   4 |  254.2 |
       Dungeon |   1017 |   1017 |      0 |    254 |    408 |   4 |  254.2 |
               +--------+--------+--------+--------+--------+-----+--------+

Top non-repeatable levels by time:
     D:4: 444 daAuts
     D:3: 364 daAuts
     D:1: 173 daAuts
     D:2: 35 daAuts
